 Dungeon Crawl Stone Soup version 0.13-a0-2584-g2e76cfd (webtiles) character file.

611 JacquesDerrida the Sneak (level 6, 41/41 HPs)
             Began as a Vampire Enchanter on July 31, 2013.
             Was an Initiate of Nemelex Xobeh.
             Quit the game on Level 5 of the Dungeon.
             The game lasted 00:10:26 (4157 turns).

JacquesDerrida the Sneak (Vampire Enchanter)        Turns: 4157, Time: 00:10:26

HP  41/41        AC  8     Str  8      XL: 6   Next: 53%
MP  14/14        EV 12     Int 17      God: Nemelex Xobeh [......]
Gold 213         SH  0     Dex 15      Spells:  3 memorised,  5 levels left

Res.Fire  : . . .   See Invis. : +   a - +1 dagger {=f}
Res.Cold  : + + .   Warding    : .   b - +1 robe
Life Prot.: + + +   Conserve   : .   (no shield)
Res.Poison: +       Res.Corr.  : .   (no helmet)
Res.Elec. : .       Clarity    : .   (no cloak)
Sust.Abil.: . .     Spirit.Shd : .   p - +0 pair of gauntlets
Res.Mut.  : .       Stasis     : .   x - +0 pair of boots
Res.Rott. : +       Flight     : .   (no amulet)
Saprovore : . . .                    B - ring of flight
                                     j - +3 ring of protection

@: regenerating slowly, slightly resistant to hostile enchantments, quite
stealthy
A: bottle blood, fangs 3, see invisible, unbreathing
a: Bat Form, Bottle Blood, Renounce Religion, Evoke Flight


You were on level 5 of the Dungeon.
You worshipped Nemelex Xobeh.
Nemelex Xobeh was noncommittal.
You were near bloodless.

You visited 1 branch of the dungeon, and saw 5 of its levels.

You collected 193 gold pieces.

Inventory:

Hand weapons
 a - a +1,+1 dagger (weapon) {=f}
Missiles
 d - 12 darts
 r - 5 javelins (quivered)
Armour
 b - a +1 robe (worn)
 p - a +0 pair of gauntlets (worn)
 x - a +0 pair of boots (worn)
Magical devices
 y - a wand of invisibility (5)
Scrolls
 e - 3 scrolls of enchant armour {unknown}
 f - 3 scrolls of blinking {unknown}
 g - a scroll of recharging {unknown}
 m - 4 scrolls of identify {unknown}
 o - a scroll of fear {unknown}
 q - a scroll of remove curse {unknown}
 s - a scroll of curse armour {unknown}
 u - a scroll of fog {unknown}
 v - a scroll of amnesia {unknown}
 w - a scroll of noise {unknown}
 C - a scroll of enchant weapon I {unknown}
Jewellery
 j - a +3 ring of protection (left hand)
 B - a ring of flight (right hand)
Potions
 h - a potion of degeneration {unknown}
 k - 2 potions of slowing {unknown}
 l - 2 potions of resistance {unknown}
 n - a potion of invisibility {unknown}
 t - 2 potions of speed {unknown}
 z - 4 potions of curing {unknown}
Books
 c - a book of Maledictions

   Spells                             Type                      Level
   *Corona                            Hexes                        1
   Sure Blade                         Hexes/Charms                 2
   *Ensorcelled Hibernation           Hexes/Ice                    2
   *Confuse                           Hexes                        3
   Enslavement                        Hexes                        4
   Invisibility                       Hexes                        6
 A - a book of Annihilations {highlevel}

   This book is beyond your current level of understanding.

   Spells                             Type                      Level
   Poison Arrow                       Conjuration/Poison           6
   Orb of Destruction                 Conjuration                  7
   Chain Lightning                    Conjuration/Air              8
   Lehudib's Crystal Spear            Conjuration/Earth            8
   Ice Storm                          Conjuration/Ice              9
   Fire Storm                         Conjuration/Fire             9


   Skills:
 + Level 5.3 Short Blades
 - Level 0.7 Throwing
 - Level 2.1 Dodging
 - Level 5.4 Stealth
 - Level 3.3 Spellcasting
 + Level 4.4 Hexes


You had 5 spell levels left.
You knew the following spells:

 Your Spells              Type           Power        Failure   Level  Hunger
a - Corona                Hex            ###....      2%          1    None
b - Ensorcelled Hibernat  Hex/Ice        ##....       12%         2    ##.....
c - Confuse               Hex            ###.....     10%         3    ###....


Dungeon Overview and Level Annotations

Branches:
Dungeon (5/27)
 Temple: D:4-7

Altars:
Cheibriados
Nemelex Xobeh

Annotations
D:3 Kae's ghost, average TeFE
D:5 exclusion: jelly


Innate Abilities, Weirdness & Mutations

You heal slowly.
You can bottle blood from corpses.
You have razor-sharp teeth.*
You have supernaturally acute eyesight.
You can survive without breathing.*


Message History

g - a scroll labeled THROVY MEARIT Wield which item (- for none, * to show all)? (? for menu, Esc to quit)
Okay, then.
There is a stone staircase leading down here.
You see here 6 darts.
You see here a rotting adder corpse.
You are starting to lose your buoyancy.
You float gracefully downwards.
You see here a scale mail.
You see here a war axe.
You offer a prayer to Nemelex Xobeh.
The war axe disappears without a glow.
Nemelex Xobeh is noncommittal.
A jelly comes into view.
A jelly is nearby!
The jelly quivers.
The jelly is too close now for your liking.
Evoke which item? (* to show all) (? for menu, Esc to quit)
Okay, then.
Are you sure you want to abandon this character and quit the game? (Confirm with "yes".)

........ . ..... .... ......
..... ....... ......
........ ...... ........
..J... ........
#############...............
...........@.#.. #######.
############.#.. #. #.#.# #.
#.#.###....#####.
#.#.#............
#.#.#.##########.
######.#.#.#.[........
#........#.#.########.
#.###.#..#............


You could see a jelly.

Vanquished Creatures
  An ice beast (D:5)
  Sigmund (D:2)
  A crimson imp (D:5)
  A black bear skeleton (D:5)
  An orc wizard (D:3)
  Ijyb (D:3)
  Jessica (D:3)
  A giant mite (D:2)
  4 adders
  An adder zombie (D:5)
  A giant eyeball (D:5)
  3 giant geckos
  7 orcs
  9 bats
  4 giant cockroaches
  8 goblins
  5 hobgoblins
  7 kobolds
  6 giant newts
  A kobold skeleton (D:4)
  10 rats
74 creatures vanquished.

Notes
Turn   | Place    | Note
--------------------------------------------------------------
     0 | D:1      | JacquesDerrida, the Vampire Enchanter, began the quest for the Orb.
     0 | D:1      | Reached XP level 1. HP: 13/13 MP: 4/4
   481 | D:1      | Reached XP level 2. HP: 19/19 MP: 5/5
   682 | D:1      | Learned a level 2 spell: Ensorcelled Hibernation
   922 | D:2      | Noticed Sigmund
   943 | D:2      | Killed Sigmund
   943 | D:2      | Reached skill level 5 in Stealth
   943 | D:2      | Reached XP level 3. HP: 3/24 MP: 3/6
   943 | D:2      | Reached XP level 4. HP: 3/30 MP: 4/8
  2015 | D:3      | Reached XP level 5. HP: 11/35 MP: 0/10
  2099 | D:3      | Learned a level 3 spell: Confuse
  2245 | D:3      | Noticed Ijyb
  2258 | D:3      | Killed Ijyb
  2366 | D:3      | Found a sparkling altar of Nemelex Xobeh.
  2370 | D:3      | Became a worshipper of Nemelex Xobeh
  2444 | D:3      | Noticed Jessica
  2453 | D:3      | Killed Jessica
  2640 | D:3      | Noticed Kae's ghost (average TeFE)
  3508 | D:5      | Entered Level 5 of the Dungeon
  3542 | D:5      | Reached XP level 6. HP: 35/41 MP: 2/13
  3658 | D:5      | Found a snail-covered altar of Cheibriados.
  3753 | D:5      | Paralysed by a giant eyeball for 3 turns
  3760 | D:5      | Noticed an ice beast
  3760 | D:5      | Paralysed by a giant eyeball for 4 turns
  3801 | D:5      | Reached skill level 5 in Short Blades
  3898 | D:5      | Killed an ice beast
  4157 | D:5      | Quit the game

Action                   |  1- 3 |  4- 6 || total
-------------------------+-------+-------++-------
Melee: Dagger            |    87 |   215 ||   302
 Cast: Ensorcelled Hiber |     1 |    23 ||    24
       Corona            |     1 |     1 ||     2
       Confuse           |       |     7 ||     7
Evoke: Wand              |       |     1 ||     1
  Use: Potion            |       |     2 ||     2
 Stab: Sleeping          |     5 |    22 ||    27
       Confused          |       |     2 ||     2
